 Dungeon Crawl Stone Soup version 0.19-a0-1051-gdb7e7f8 (webtiles) character file.

83402 mistymad the Geomancer (level 15, -1/189 HPs)
             Began as a Troll Earth Elementalist on Aug 1, 2016.
             Splashed by an acid blob's acid (12 damage)
             ... on level 1 of the Pits of Slime.
             The game lasted 02:11:02 (26285 turns).

mistymad the Geomancer (Troll Earth Elementalist)  Turns: 26285, Time: 02:11:03

Health: -1/189     AC: 12    Str: 28    XL:     15   Next: 32%
Magic:  15/20      EV: 18    Int: 13    God:
Gold:   1324       SH:  0    Dex: 16    Spells: 6 memorised, 4 levels left

rFire  + . .     SeeInvis .       - Unarmed
rCold  . . .     Gourm    +     (armour currently unavailable)
rNeg   + . .     Faith    .     (no shield)
rPois  ∞         Spirit   .     (helmet restricted)
rElec  +         Dismiss  .     Y - +0 cloak {MR+}
rCorr  .         Reflect  .     (gloves unavailable)
SustAt .         Harm     .     (boots unavailable)
MR     ++...                    n - amulet of regeneration
Stlth  +++.......               A - ring "Dawuif" {rElec rPois Dex+5, =R}
                                Q - +5 ring of strength

@: statue-form, corroded, very slow, very resistant to hostile enchantments,
fairly stealthy
A: unfitting armour, claws 3, repulsion field 1, rough black scales 1,
camouflage 2, agile 1, fire resistance 1, fast metabolism 3, gourmand, low mp 1,
regeneration 2, (shaggy fur 0), (tough skin 0)
a: End Transformation


You were on level 1 of the Pits of Slime.
You were full.
You were a stone statue.
You visited 7 branches of the dungeon, and saw 24 of its levels.

You collected 2477 gold pieces.
You spent 1153 gold pieces at shops.

Inventory:

Hand Weapons
 z - a +3 giant spiked club of crushing
Missiles
 j - 3 throwing nets
 O - 22 large rocks (quivered)
 R - 12 javelins
Armour
 e - a +2 large shield
 v - a +0 cloak of invisibility
 x - a +1 robe of cold resistance
 B - the +1 robe of Ylayt (melded) {rN+ MR+}
   (You found it on level 5 of the Dungeon)

   It protects you from negative energy.
   It affects your resistance to hostile enchantments.
 G - a +1 robe of fire resistance
 Y - a +0 cloak of magic resistance (worn)
Jewellery
 n - an amulet of regeneration (around neck)
 q - an uncursed ring of positive energy
 r - an uncursed amulet of rage
 A - the ring "Dawuif" (right claw) {rElec rPois Dex+5, =R}
   (You found it on level 2 of the Lair of Beasts)

   [ring of poison resistance]

   It affects your dexterity (+5).
   It insulates you from electricity.
   It protects you from poison.
 Q - a +5 ring of strength (left claw)
Wands
 b - a wand of acid (5/15)
 L - a wand of confusion (28/48)
 P - a wand of enslavement (14/24)
 T - a wand of paralysis (15/24)
 V - a wand of confusion (29/48)
Scrolls
 c - 2 scrolls of teleportation
 l - 8 scrolls of remove curse
 u - 2 scrolls of identify
 w - 3 scrolls of enchant armour
 y - 2 scrolls of fear
 D - 2 scrolls of blinking
 E - 3 scrolls of fog
 H - 6 scrolls of magic mapping
 I - a scroll of amnesia
 K - a scroll of recharging
Potions
 a - a potion of lignification
 f - 2 potions of haste
 g - 14 potions of curing
 h - a potion of cure mutation
 i - 4 potions of might
 o - a potion of brilliance
 s - 3 potions of cancellation
 t - 2 potions of heal wounds
 C - 2 potions of magic
 F - 2 potions of agility
 J - a potion of ambrosia
Miscellaneous
 p - a phantom mirror
 W - a lamp of fire (inert)
Comestibles
 d - 13 bread rations
 m - 8 meat rations
 M - a royal jelly
 S - 17 fruits
 U - 9 beef jerkies
 X - a slice of pizza


   Skills:
 - Level 9.0 Fighting
 - Level 2.1 Throwing
 - Level 9.1 Dodging
 - Level 1.1 Stealth
 - Level 10.6 Unarmed Combat
 + Level 5.6 Spellcasting
 + Level 10.7 Transmutations
 + Level 12.5 Earth Magic


You had 4 spell levels left.
You knew the following spells:

 Your Spells              Type           Power        Failure   Level  Hunger
a - Passwall              Tmut/Erth      ####......   1%          2    ##.....
b - Lee's Rapid Deconstr  Erth           #####.....   3%          5    ######.
c - Statue Form           Tmut/Erth      ####.....    24%         6    #######
d - Repel Missiles        Chrm/Air       #.....       30%         2    ##.....
e - Swiftness             Chrm/Air       #.......     30%         2    ##.....
f - Passage of Golubria   Tloc           N/A          99%         4    ####...


Dungeon Overview and Level Annotations

Branches:
Dungeon (12/15)            Temple (1/1) D:4            Lair (6/6) D:9
  Swamp (1/4) Lair:4        Snake (1/4) Lair:3        Slime (1/5) Lair:5
    Orc (2/2) D:12            Elf (0/3) Orc:2

Altars:
Ashenzari
Cheibriados
Dithmenos
Elyvilon
Fedhas
Gozag
Hepliaklqana
Kikubaaqudgha
Makhleb
Nemelex Xobeh
Okawaru
Pakellas
Qazlal
Ru
Sif Muna
Trog
Vehumet
Xom
Yredelemnul
Zin
The Shining One
Beogh

Shops:
D:6 ?   D:10 :   Orc:2 ([:(

Annotations:
D:11 1 exclusion
Lair:2 exclusion: oklob plant
Lair:4 Meriados's ghost, journeyman CeCK
Snake:1 exclusion: Roxanne, Roxanne


Innate Abilities, Weirdness & Mutations

You are too large for most types of armour.
You have claws for hands.
Your metabolism is lightning-fast.
You like to eat raw meat.
You heal very quickly.
((You are covered in fur. (AC +1)))
((You have very tough skin. (AC +2)))
You are surrounded by a mild repulsion field. (EV +2)
(You are partially covered in rough black scales. (AC +2, Dex -1))
Your skin blends seamlessly with your surroundings (Stealth++).
You are agile. (Dex +2)
Your flesh is heat resistant. (rF+)
Your magical capacity is low. (-10% MP)


Message History

You take 40 damage, and have 48/189 hp.
MASSIVE DAMAGE!!
You eviscerate the acid blob!!!
Your claws burn!
* * * LOW HITPOINT WARNING * * *
The acid blob is almost dead.
The acid blob hits you!!
* * * LOW HITPOINT WARNING * * *
You are splashed with acid!
The acid burns!
* * * LOW HITPOINT WARNING * * *
You take 41 damage, and have 7/189 hp.
MASSIVE DAMAGE!!
You feel much better. The acid blob spits acid at you.
The splash of acid hits you!
* * * LOW HITPOINT WARNING * * *
The acid burns!
* * * LOW HITPOINT WARNING * * *
The acid blob spits acid at you. The splash of acid hits you!
* * * LOW HITPOINT WARNING * * *
The acid burns!
You die...

##........##
###..........##
#......##.....##
#.....####.....#
#....###.......##
#...###.........#
#... #..........#
#...
#.J..##.....#
#...
#.8.####....#
#...
#.....###...#
#......# ...#
##..<..#


GJ.. #.....# .. #....## ##..## ≈..# ≈≈≈≈≈ You could see an acid blob.

Vanquished Creatures
  Agnes (Snake:1)
  Kirke (Lair:5)
  2 orc warlords
  2 stone giants (Orc:2)
  Snorg (D:12)
  Erolcha (Orc:2)
  3 hydras
  3 catoblepae (Lair:6)
  3 anacondas (Snake:1)
  A death knight (D:12)
  2 naga warriors (Snake:1)
  14 death yaks
  2 naga sharpshooters (Snake:1)
  A naga ritualist (Snake:1)
  2 orc knights
  A salamander (Snake:1)
  2 orc sorcerers
  2 cyclopes
  Maurice (D:10)
  6 elephants (Lair:5)
  2 naga magi (Snake:1)
  12 black mambas
  13 spiny frogs
  3 torpor snails
  2 gargoyles
  3 komodo dragons
  4 trolls
  3 two-headed ogres
  3 giant leeches (Lair:4)
  2 boulder beetles (Lair:6)
  20 blink frogs
  Grinder (D:4)
  11 slime creatures
  A wyvern (Lair:6)
  Sigmund (D:6)
  2 wraiths
  A human (D:9)
  A vampire (D:12)
  3 basilisks
  3 hogs
  Eustachio (D:4)
  59 yaks
  7 hippogriffs
  Edmund (D:6)
  16 wargs
  Menkaure (D:4)
  A mottled dragon (D:12)
  2 hungry ghosts
  A steam dragon (D:9)
  19 nagas
  13 water moccasins
  11 porcupines
  38 orc warriors
  3 sky beasts
  4 ice beasts
  A black bear (D:10)
  A phantom (D:11)
  An eye of draining (D:9)
  6 wolves (Lair:3)
  4 ogres
  2 centaurs
  12 crocodiles
  18 giant frogs
  2 big kobolds
  8 scorpions
  6 killer bees (D:7)
  17 wights
  2 howler monkeys
  9 crimson imps
  The ghost of Aquadorian the Sneak, a weakling OpEn (D:3)
  A quasit (D:8)
  4 centaur zombies
  5 jellies
  19 orc priests
  2 centaur skeletons (D:11)
  8 hounds
  16 orc wizards
  2 giant frog skeletons
  Crazy Yiuf (D:2)
  5 iguanas
  Ijyb (D:2)
  Natasha (thrice) (D:2)
  12 worker ants
  A killer bee zombie (D:8)
  10 sheep
  A hound zombie (D:4)
  A howler monkey zombie (D:5)
  Robin (D:2)
  A gnoll (D:4)
  A howler monkey skeleton (D:6)
  18 adders
  69 river rats
  2 shadow imps
  An ooze (D:3)
  An adder zombie (D:9)
  3 adder skeletons
  A worm (D:4)
  A dart slug (D:1)
  2 giant geckos
  125 orcs
  3 ball pythons
  2 bat zombies (D:3)
  3 giant cockroaches
  14 goblins
  9 hobgoblins
  6 jackals
  5 quokkas
  4 bats
  8 giant newts
  A jackal skeleton (D:4)
  20 kobolds
  2 rats
  2 rat zombies (D:3)
  A fungus (Lair:1)
807 creatures vanquished.

Vanquished Creatures (others)
  Erica (D:8)
  A hobgoblin (D:3)
  A kobold (D:3)
  5 fungi
  3 plants (Lair:6)
11 creatures vanquished.

Grand Total: 818 creatures vanquished

Notes
Turn   | Place    | Note
-------+----------+-------------------------------------------
     0 | D:1      | mistymad the Troll Earth Elementalist began the quest for the Orb.
     0 | D:1      | Reached XP level 1. HP: 16/16 MP: 1/1
   157 | D:1      | Reached XP level 2. HP: 24/24 MP: 2/2
   329 | D:1      | Reached skill level 1 in Unarmed Combat
   745 | D:1      | You fall through a shaft!
   888 | D:2      | Reached XP level 3. HP: 31/32 MP: 3/3
   951 | D:2      | Found an oddly glowing altar of Pakellas.
  1030 | D:2      | Noticed Robin
  1073 | D:2      | Reached skill level 1 in Fighting
  1122 | D:2      | Killed Robin
  1249 | D:2      | Noticed Natasha
  1256 | D:2      | Killed Natasha
  1256 | D:2      | Reached XP level 4. HP: 40/41 MP: 4/4
  1372 | D:2      | Noticed Ijyb
  1387 | D:2      | Killed Ijyb
  1456 | D:2      | Found a runed door.
  1496 | D:2      | Noticed Crazy Yiuf
  1503 | D:2      | Killed Crazy Yiuf
  1503 | D:2      | Reached XP level 5. HP: 49/49 MP: 5/5
  1585 | D:2      | Noticed Natasha
  1594 | D:2      | Killed Natasha
  1637 | D:2      | Noticed Natasha
  1651 | D:2      | Killed Natasha
  1763 | D:3      | Found a snail-covered altar of Cheibriados.
  1785 | D:3      | Found an opulent altar of Gozag.
  1838 | D:3      | Reached XP level 6. HP: 33/59 MP: 6/6
  1992 | D:3      | Noticed Aquadorian's ghost (weakling OpEn)
  1997 | D:3      | Killed Aquadorian's ghost
  2010 | D:3      | Found an ancient bone altar of Kikubaaqudgha.
  2178 | D:3      | Found a glowing silver altar of Zin.
  2251 | D:3      | Found a blossoming altar of Fedhas.
  2430 | D:3      | Found a stormy altar of Qazlal.
  2903 | D:4      | Reached XP level 7. HP: 56/67 MP: 7/7
  2934 | D:4      | Noticed Eustachio
  2943 | D:4      | Killed Eustachio
  3034 | D:4      | Noticed Menkaure
  3388 | D:4      | Noticed Grinder
  3409 | D:4      | Paralysed by Grinder for 4 turns
  3453 | D:5      | Entered Level 5 of the Dungeon
  3464 | D:5      | Found a hazy altar of Hepliaklqana.
  3493 | D:5      | Got a steaming robe
  3505 | D:5      | Identified the cursed +1 robe of Ylayt {rN+ MR+} (You found it on level 5 of the Dungeon)
  3548 | D:5      | Reached skill level 5 in Unarmed Combat
  3688 | D:5      | Reached XP level 8. HP: 78/78 MP: 8/8
  3867 | D:4      | Found a burning altar of Makhleb.
  4096 | D:4      | Found a staircase to the Ecumenical Temple.
  4229 | Temple   | Entered the Ecumenical Temple
  4474 | D:4      | Killed Menkaure
  4566 | D:4      | Killed Grinder
  4566 | D:4      | Reached skill level 5 in Dodging
  4728 | D:3      | Learned a level 2 spell: Passwall
  4837 | D:6      | Noticed Sigmund
  4856 | D:6      | Killed Sigmund
  4856 | D:6      | Reached skill level 5 in Fighting
  4900 | D:6      | Noticed Edmund
  4911 | D:6      | Killed Edmund
  5022 | D:6      | Reached XP level 9. HP: 87/88 MP: 9/9
  5156 | D:6      | Gained mutation: Scrolls take you a little longer to read. [mutagenic meat]
  5159 | D:6      | Gained mutation: You are partially covered in rough black scales. (AC +2, Dex -1) [mutagenic meat]
  5162 | D:6      | Gained mutation: Your flesh is heat resistant. (rF+) [mutagenic meat]
  5165 | D:6      | Gained mutation: Your magical capacity is low. (-10% MP) [mutagenic meat]
  5308 | D:6      | Found a bloodstained altar of Trog.
  5378 | D:6      | Found Jyosk's Magic Scroll Shoppe.
  5425 | D:6      | Identified the Volume of Execration
  5871 | D:7      | Noticed a cyclops
  5888 | D:7      | Killed a cyclops
  7022 | D:8      | Noticed Erica
  7041 | D:8      | Killed Erica
  7048 | D:8      | Reached XP level 10. HP: 80/100 MP: 9/9
  7733 | D:8      | Noticed an orc sorcerer
  7737 | D:8      | Paralysed by an orc sorcerer for 4 turns
  7746 | D:8      | Killed an orc sorcerer
  7974 | D:8      | Noticed an orc knight
  8002 | D:8      | Killed an orc knight
  9373 | D:8      | Learned a level 5 spell: Lee's Rapid Deconstruction
  9407 | D:9      | Reached XP level 11. HP: 111/111 MP: 10/10
  9499 | D:8      | Reached skill level 3 in Earth Magic
  9600 | D:9      | Reached skill level 10 in Unarmed Combat
  9701 | D:9      | Found a white marble altar of Elyvilon.
  9969 | D:9      | Gained mutation: You are agile. (Dex +2) [mutagenic meat]
 10041 | D:9      | Found an oddly glowing altar of Pakellas.
 10162 | D:9      | Found a staircase to the Lair.
 10486 | D:9      | Reached skill level 4 in Earth Magic
 10521 | D:9      | Found a shimmering altar of Xom.
 10838 | D:10     | Entered Level 10 of the Dungeon
 10846 | D:10     | Noticed Maurice
 10861 | D:10     | Killed Maurice
 10862 | D:10     | Found Pypesoirr's Book Boutique.
 11653 | D:10     | Reached skill level 5 in Earth Magic
 12579 | D:11     | Reached XP level 12. HP: 112/122 MP: 14/14
 12581 | D:11     | Reached skill level 1 in Throwing
 12778 | D:12     | Noticed a five-headed hydra
 12814 | D:12     | Found a staircase to the Orcish Mines.
 12814 | D:12     | Noticed a five-headed hydra
 13234 | D:12     | Noticed a death knight
 13324 | Lair:1   | Entered Level 1 of the Lair of Beasts
 14323 | Lair:2   | Reached skill level 6 in Earth Magic
 14422 | Lair:2   | Got a crude platinum ring
 14425 | Lair:2   | Identified the ring "Dawuif" {rElec rPois Dex+5} (You found it on level 2 of the Lair of Beasts)
 14539 | Lair:2   | Found a shadowy altar of Dithmenos.
 14875 | D:10     | Bought a book of the Earth for 715 gold pieces
 14882 | D:10     | Learned a level 6 spell: Statue Form
 15012 | Lair:3   | Noticed a death yak
 15013 | Lair:3   | Noticed a death yak
 15030 | Lair:2   | Killed a death yak
 15030 | Lair:2   | Reached skill level 1 in Transmutations
 15110 | Lair:3   | Killed a death yak
 15412 | Lair:3   | Found a staircase to the Snake Pit.
 15694 | Lair:3   | Gained mutation: Your skin changes colour to match your surroundings (Stealth+). [potion of mutation]
 15694 | Lair:3   | Gained mutation: You are surrounded by a mild repulsion field. (EV +2) [potion of mutation]
 15694 | Lair:3   | Gained mutation: You are frail. (-10% HP) [potion of mutation]
 15748 | Lair:3   | Reached skill level 7 in Earth Magic
 15896 | Lair:3   | Lost mutation: You are frail. (-10% HP) [potion of mutation]
 15896 | Lair:3   | Gained mutation: Your skin blends seamlessly with your surroundings (Stealth++). [potion of mutation]
 15896 | Lair:3   | Lost mutation: Scrolls take you a little longer to read. [potion of mutation]
 16313 | Lair:4   | Noticed Meriados's ghost (journeyman CeCK)
 16906 | Lair:4   | Found a staircase to the Swamp.
 17267 | Lair:5   | Reached skill level 8 in Earth Magic
 17654 | Lair:5   | Reached XP level 13. HP: 110/131 MP: 16/16
 17866 | Lair:5   | Reached skill level 5 in Transmutations
 18037 | Lair:5   | Reached skill level 9 in Earth Magic
 18138 | Lair:5   | Noticed Kirke
 18264 | Lair:5   | Killed Kirke
 18420 | Lair:5   | Found a staircase to the Slime Pits.
 18716 | Lair:6   | Entered Level 6 of the Lair of Beasts
 19277 | Lair:6   | Reached skill level 10 in Earth Magic
 20115 | Lair:6   | Reached XP level 14. HP: 105/140 MP: 17/17
 20174 | Lair:6   | Reached skill level 11 in Earth Magic
 21468 | D:12     | Noticed Snorg
 21534 | D:10     | Bought a book of Air for 385 gold pieces
 21537 | D:10     | Learned a level 2 spell: Repel Missiles
 21540 | D:10     | Learned a level 2 spell: Swiftness
 21617 | Snake:1  | Entered Level 1 of the Snake Pit
 21862 | Swamp:1  | Entered Level 1 of the Swamp
 22062 | Snake:1  | Noticed Roxanne
 22134 | Snake:1  | Noticed Agnes
 22140 | Snake:1  | Killed Agnes
 22540 | Snake:1  | Reached skill level 10 in Transmutations
 22984 | D:12     | Learned a level 4 spell: Passage of Golubria
 23137 | D:12     | Killed Snorg
 23608 | D:12     | Reached skill level 12 in Earth Magic
 23643 | Orc:1    | Entered Level 1 of the Orcish Mines
 23766 | Orc:1    | Noticed an orc warlord
 23774 | Orc:1    | Killed an orc warlord
 23774 | Orc:1    | Reached skill level 5 in Spellcasting
 23774 | Orc:1    | Reached XP level 15. HP: 146/146 MP: 13/19
 24044 | Orc:2    | Entered Level 2 of the Orcish Mines
 24044 | Orc:2    | Noticed Erolcha
 24171 | Orc:2    | Killed Erolcha
 24443 | Orc:2    | Found a roughly hewn altar of Beogh.
 24444 | Orc:2    | Found Soetip's Weapon Boutique.
 24480 | Orc:2    | Bought a throwing net for 30 gold pieces
 24812 | Orc:2    | Found a roughly hewn altar of Beogh.
 24816 | Orc:2    | Found Poletem's Book Boutique.
 25440 | Orc:2    | Noticed an orc warlord
 25440 | Orc:2    | Found Dolixoz's Antique Armour Shop.
 25530 | Orc:2    | Killed an orc warlord
 25756 | Orc:2    | Found Ekhal's Antique Weapon Boutique.
 25757 | Orc:2    | Found a roughly hewn altar of Beogh.
 25783 | Orc:2    | Bought a runed robe for 23 gold pieces
 25891 | Orc:2    | Found a staircase to the Elven Halls.
 26172 | Slime:1  | Entered Level 1 of the Pits of Slime
 26264 | Slime:1  | Noticed an acid blob
 26284 | Slime:1  | HP: 7/189 [acid (8)]
 26285 | Slime:1  | Splashed by an acid blob's acid

Vault maps used:
D:1:      sevenhm_arrival_forest_fort_large_2
D:2:      grunt_pakellas_basics, minmay_tromino_v4_b, uniq_natasha, uniq_iyjb,
          uniq_crazy_yiuf_cottage, uniq_robin
D:3:      fedhas_altar_3, nicolae_overflow_hidden_temple,
          nicolae_qazlal_eye_of_the_storm, nicolae_overflow_crystal_walls,
          lemuel_zombie_altar_kikubaaqudgha, overflow_temple_1_default
D:4:      minmay_diamond_boxcup, makhleb_grotto_becter, serial_bayou_pond_c,
          hangedman_abyss_or_decor_stabs, uniq_grinder, uniq_eustachio,
          uniq_menkaure
D:5:      overflow_temple_1_default, first_bread
D:6:      kennysheep_mini, serial_shops, shop, minivault_4, uniq_sigmund,
          uniq_edmund
D:8:      lemuel_castle_with_subvaults, uniq_erica
D:9:      tgw_xom, old_standard_altar, kennysheep_mini_moat,
          minmay_lair_entry_grove, grunt_livestock, dk_vineyard_2,
          minmay_ruined_shrine
D:10:     serial_shops, nicolae_shop_stone, uniq_maurice
D:11:     evilmike_surprise_oklob
D:12:     orc_0_dummy, serial_co_window_serial, co_window_of_opportunity_a,
          co_window_corner_a, co_window_paths_b, co_window_corner_a,
          co_window_corner_a, co_window_corner_a, co_window_of_opportunity_a,
          co_window_broadway_a, co_window_cross_2, co_window_cross_2,
          co_window_broadway_a, glass_columns_a, uniq_snorg
Temple:   jpeg_temple_island
Lair:1:   lemuel_fruit_fields, infiniplex_staircase_pool
Lair:2:   minivault_23, lemuel_oklob_altar
Lair:3:   minmay_snake_entry_guardpost_medium, minivault_23
Lair:4:   minmay_swamp_entry_worms, grunt_megastairs_2
Lair:5:   minmay_slime_entry_pillars, uniq_kirke
Lair:6:   evilmike_catoblepas_cave
Swamp:1:  hangedman_swamp_ruin_wall
Snake:1:  grunt_megastairs_4, uniq_roxanne, uniq_agnes
Slime:1:  nicolae_slime_phagocytosis
Orc:2:    grunt_orc_community_town_hall, grunt_orc_community_big_house_2,
          grunt_orc_community_big_house_1, grunt_orc_community_house_1,
          grunt_orc_community_house_3, grunt_orc_community_house_1,
          grunt_orc_community_house_2, grunt_orc_community_house_2, uniq_erolcha

Skill      XL: |  1  2  3  4  5  6  7  8  9 10 11 12 13 14 |
---------------+-------------------------------------------+-----
Unarmed Combat | 1 2 3 4 5 6 8 9 10 | 10.6
Dodging        | 2 3 4 5 7 8 9 |  9.1
Fighting       | 1 2 3 4 5 6 8 9 |  9.0
Earth Magic    | 5 8 10 12 | 12.5
Spellcasting   | 3 4 5 |  5.6
Throwing       | 2 |  2.1
Transmutations | 4 7 10 | 10.7
Stealth        | |  1.1

Action                   |  1- 3 |  4- 6 |  7- 9 | 10-12 | 13-15 || total
-------------------------+-------+-------+-------+-------+-------++-------
Melee: Unarmed           |   115 |   182 |   320 |  1115 |  1000 ||  2732
       Punch             |       |     1 |     7 |    58 |    74 ||   140
       Giant spiked club |       |       |       |     2 |     2 ||     4
Throw: Stone             |     4 |    13 |       |       |       ||    17
       Large rock        |       |       |       |     4 |       ||     4
 Cast: Passwall          |       |       |       |     3 |     3 ||     6
       Statue Form       |       |       |       |       |    28 ||    28
       Repel Missiles    |       |       |       |       |     4 ||     4
 Abil: Evoke Berserk Rag |       |       |     3 |     4 |     1 ||     8
Evoke: Wand              |       |       |       |       |    13 ||    13
       Lamp of fire      |       |       |       |       |     1 ||     1
  Use: Scroll            |     7 |       |     7 |    21 |     9 ||    44
       Potion            |       |       |       |     2 |     7 ||     9
 Stab: Sleeping          |       |     1 |     2 |    14 |    16 ||    33
       Distracted        |       |       |       |     1 |     3 ||     4
  Eat: Chunk             |    17 |    15 |    35 |   105 |    90 ||   262
       Bread ration      |       |       |     1 |       |       ||     1
       Meat ration       |       |       |     1 |       |       ||     1
       Pizza             |       |       |       |     1 |     8 ||     9
Armor: Robe              |    48 |       |    88 |   265 |    97 ||   498
       Animal skin       |     1 |    67 |    15 |       |       ||    83
       Skin              |       |       |       |       |   197 ||   197
Dodge: Dodged            |    70 |    89 |   175 |   710 |   991 ||  2035
       Deflected         |       |       |       |       |     5 ||     5
